 Dungeon Crawl Stone Soup version 0.20.1-1-g8b1a95d (webtiles) character file.

56 KleinerIrrer the Insei (level 3, 0/27 HPs)
             Began as a Demigod Transmuter on July 3, 2017.
             Slain by Purgy (3 damage)
             ... on level 3 of the Dungeon.
             The game lasted 00:06:26 (2411 turns).

KleinerIrrer the Insei (Demigod Transmuter)         Turns: 2411, Time: 00:06:27

Health: 0/27       AC:  3    Str: 15    XL:     3   Next: 48%
Magic:  3/8        EV: 13    Int: 17    God:
Gold:   86         SH:  0    Dex: 16    Spells: 3/6 levels left

rFire    . . .     SeeInvis .     - Unarmed
rCold    . . .     Gourm    .   (no shield)
rNeg     . . .     Faith    .   b - +0 robe
rPois    .         Spirit   .   (no helmet)
rElec    .         Reflect  .   g - +0 cloak
rCorr    .         Harm     .   (no gloves)
MR       .....                  (boots currently unavailable)
Stlth    +.........             (no amulet)
Regen    0.1/turn               (no ring)
MPRegen  0.2/turn               (no ring)

@: appendage (expiring)
A: talons 3, high mp 1
a: End Transformation


You were on level 3 of the Dungeon.
You were not hungry.
You had grown temporary talons.
You visited 1 branch of the dungeon, and saw 3 of its levels.

You collected 86 gold pieces.

Inventory:

Missiles
 a - 33 arrows
Armour
 b - a +0 robe (worn)
 g - a +0 cloak (worn)
 m - a cursed +0 buckler
Wands
 n - a wand of flame (22/48)
Scrolls
 e - 3 scrolls of identify {unknown}
 j - a scroll of fog {unknown}
 o - a scroll of magic mapping {unknown}
 p - a scroll of immolation {unknown}
Potions
 f - 2 potions of flight {unknown}
 i - a potion of might {unknown}
Books
 c - a book of Changes

   Spells                             Type                      Level
   a - Beastly Appendage              Transmutation                1
   b - Sticks to Snakes               Transmutation                2
   c - Spider Form                    Transmutation/Poison         3
   d - Ice Form                       Ice/Transmutation            4
   e - Blade Hands                    Transmutation                5
Comestibles
 d - 4 bread rations
 k - 2 meat rations
 l - 4 fruits


   Skills:
 - Level 0.8 Fighting
 - Level 2.1 Dodging
 - Level 3.4 Unarmed Combat
 + Level 2.2 Spellcasting
 + Level 2.2 Transmutations


You had 3 spell levels left.
You knew the following spells:

 Your Spells              Type           Power        Failure   Level  Hunger
a - Beastly Appendage     Tmut           #.....       8%          1    #......
b - Sticks to Snakes      Tmut           #.......     11%         2    ###....


Dungeon Overview and Level Annotations

Branches:
Dungeon (3/15)

Annotations:
D:3 Purgy


Innate Abilities, Weirdness & Mutations

You have an increased reservoir of magic. (+10% MP)
You have claws for feet.


Message History

You create a snake!
You now have 34 arrows.
Purgy bites you. Purgy claws you but does no damage. Purgy misses you.
Casting: Sticks to Snakes
Confirm with . or Enter, or press ? or * to list all spells.
You create a snake!
You now have 33 arrows.
Purgy bites you. Purgy barely misses you. Purgy claws you.
Your ball python closely misses Purgy.
You hit Purgy but do no damage. You claw Purgy.
Purgy is lightly wounded.
Purgy bites you!
* * * LOW HITPOINT WARNING * * *
Purgy claws you but does no damage. Purgy closely misses you.
Your ball python bites Purgy.
Your adder closely misses Purgy.
You hit Purgy. You claw Purgy, but do no damage.
Purgy is moderately wounded.
Your transformation is almost over.
Purgy bites you.
* * * LOW HITPOINT WARNING * * *
Purgy claws you.
You die...

#### #S.
#T##########
#@S...)....#
##########.#


You could see Purgy, a friendly adder and a friendly ball python.

Vanquished Creatures
  An adder (D:2)
  A dart slug (D:1)
  2 leopard geckos (D:2)
  3 giant cockroaches
  2 goblins (D:1)
  11 hobgoblins
  4 bats (D:1)
  7 frilled lizards
  4 kobolds
  8 rats
43 creatures vanquished.

Vanquished Creatures (others)
  3 plants (D:1)
3 creatures vanquished.

Grand Total: 46 creatures vanquished

Notes
Turn   | Place    | Note
-------+----------+-------------------------------------------
     0 | D:1      | KleinerIrrer the Demigod Transmuter began the quest for the Orb.
     0 | D:1      | Reached XP level 1. HP: 15/15 MP: 5/5
   335 | D:1      | Reached skill level 3 in Unarmed Combat
   662 | D:1      | Reached XP level 2. HP: 22/22 MP: 5/7
   666 | D:1      | Learned a level 2 spell: Sticks to Snakes
   822 | D:1      | You fall through a shaft!
  1489 | D:2      | Reached XP level 3. HP: 25/27 MP: 6/8
  2152 | D:3      | Noticed Purgy
  2411 | D:3      | Slain by Purgy

Skill      XL: |  1  2 |
---------------+-------+-----
Unarmed Combat | 3 |  3.4
Transmutations | 2 |  2.2
Dodging        | 2 |  2.1
Spellcasting   | 2 |  2.2
Fighting       | |  0.8

Action                   || total
-------------------------++-------
Melee: Unarmed           ||   232
       Kick              ||    27
       Punch             ||     3
       Headbutt          ||     9
 Cast: Beastly Appendage ||    35
       Sticks to Snakes  ||     6
  Use: Scroll            ||     1
 Stab: Sleeping          ||     5
  Eat: Chunk             ||     6
Armor: Robe              ||    29
Dodge: Dodged            ||   110
